 Dungeon Crawl Stone Soup version 0.24-a0-463-g3510def36b (webtiles) character file.

Game seed: 14134755133629925470

14 Ijustatesigmund the Skirmisher (level 2, -1/32 HPs)
             Began as an Ogre Fighter on July 2, 2019.
             Succumbed to an adder's poison
             ... on level 2 of the Dungeon.
             The game lasted 00:01:26 (1046 turns).

Ijustatesigmund the Skirmisher (Ogre Fighter)       Turns: 1046, Time: 00:01:26

Health: -1/32      AC:  3    Str: 17 (19) XL:     2   Next: 41%
Magic:  2/2        EV:  6    Int:  7 (9)  God:
Gold:   18         SH: 12    Dex:  6 (8)  Spells: 1/1 levels left

rFire    . . .     SeeInvis .   a - +0 flail
rCold    . . .     Gourm    .   c - +0 large shield
rNeg     . . .     Faith    .   b - +0 robe
rPois    .         Spirit   .   (helmet restricted)
rElec    .         Reflect  .   (no cloak)
rCorr    .         Harm     .   (gloves unavailable)
MR       .....                  (boots unavailable)
Stlth    +.........             (no amulet)
HPRegen  0.10/turn              (no ring)
MPRegen  0.08/turn              (no ring)

@: lethally poisoned (-1 -> -13)
A: large, unfitting armour, tough skin 1
a: no special abilities


You were on level 2 of the Dungeon.
You were not hungry.

You visited 1 branch of the dungeon, and saw 2 of its levels.

You collected 18 gold pieces.

Inventory:

Hand Weapons
 a - a +0 flail (weapon)
Armour
 b - a +0 robe (worn)
 c - a +0 large shield (worn)
Potions
 d - a potion of might
Comestibles
 f - 3 rations


   Skills:
 - Level 4.0 Fighting
 + Level 2.7 Maces & Flails
 - Level 2.6 Dodging
 - Level 2.6 Shields


You had one spell level left.
You didn't know any spells.
Your spell library was empty.

Dungeon Overview and Level Annotations

Branches:
Dungeon (2/15)

Altars:


Innate Abilities, Weirdness & Mutations

You are too large for most types of armour.
You have tough skin. (AC +1)


Message History

The adder poisons you! The adder bites you.
You closely miss the adder.
The adder is severely wounded.
You feel sick. The adder bites you.
You are lethally poisoned!
The adder poisons you!
You closely miss the adder.
The adder is severely wounded.
* * * LOW HITPOINT WARNING * * *
You feel sick. The adder bites you.
* * * LOW HITPOINT WARNING * * *
The adder bites you.
* * * LOW HITPOINT WARNING * * *
Your shield prevents you from hitting the adder.
The adder is severely wounded.
* * * LOW HITPOINT WARNING * * *
You feel sick. You block the adder's attack. x2
You closely miss the adder.
The adder is severely wounded.
You die...

##################.###
#...........# #.#..
#...........# #.#.#
#...........# #.#.#
#...........# #.#.#
#...........# #.#.#
#...≈≈.♣..≈≈# #.#.#
#..≈.≈..≈≈†.# #.#.#
#....@≈.≈.≈.# #.#.#
##.#S#♣≈.≈≈≈### #.#.#
.≈≈≈≈≈≈≈≈≈≈.####.#.#
...≈≈≈..≈≈.........#.#
......≈≈..≈♣...#######.#
.......#≈..≈≈≈≈........#
.....≈..≈≈..≈≈.....#####
####.#♣.≈≈≈≈≈≈###.##
.#...#### #.#


You could see an adder.

Vanquished Creatures
  2 dart slugs (D:1)
  A giant cockroach (D:1)
  4 bats (D:1)
  A frilled lizard (D:1)
  A kobold (D:2)
  2 rats (D:1)
11 creatures vanquished.

Notes
Turn   | Place    | Note
-------+----------+-------------------------------------------
     0 | D:1      | Ijustatesigmund the Ogre Fighter began the quest for the
                  | Orb.
     0 | D:1      | Reached XP level 1. HP: 24/24 MP: 1/1
   108 | D:1      | Reached XP level 2. HP: 28/32 MP: 2/2
  1045 | D:2      | HP: 1/32 [poisoned by an adder]
  1046 | D:2      | Succumbed to an adder's poison

Levels and vault maps discovered:
D:1:      dpeg_arrival_boxes_within_box, layout_basic, serial_bayou_pond_c,
          minmay_misc_feat_secret_circle
D:2:      layout_basic, kiku_gazebo_pond_becter,
          chequers_ecumenical_altar_simple_redux, chequers_serial_rivers_marsh,
          moated_statue

Skill      XL: |  1 |
---------------+----+-----
Maces & Flails | 2 |  2.7
Fighting       | |  4.0
Dodging        | |  2.6
Shields        | |  2.6

Action                   || total
-------------------------++-------
Melee: Flail             ||    54
  Use: Scroll            ||     2
       Potion            ||     2
Armor: Robe              ||    13
Dodge: Dodged            ||    12
Block: Shield            ||    13
       Large shield      ||    30

Table legend:
 A = Non-vault XP
 B = Vault XP
 C = Vault XP percentage of total XP
 D = Non-vault monster count
 E = Vault monster count
 F = Vault count percentage of total count
                 A         B        C        D         E       F
            +---------+---------+-------+---------+---------+-------
      Total |      20 |       0 |   0.0 |      11 |       0 |   0.0
            +---------+---------+-------+---------+---------+-------
        D:1 |      19 |       0 |   0.0 |      10 |       0 |   0.0
        D:2 |       1 |       0 |   0.0 |       1 |       0 |   0.0
            +---------+---------+-------+---------+---------+-------
